 Dungeon Crawl Stone Soup version 0.31-a0-1343-gcd514f47d3 (webtiles) character file.

Game seed: 7549048302710064229

6 James the Cutter (level 1, -2/17 HPs)
             Began as a Gnoll Wanderer on Dec 22, 2023.
             Succumbed to a goblin's poison
             ... on level 1 of the Dungeon.
             The game lasted 00:00:49 (58 turns).

James the Cutter (Gnoll Wanderer)                     Turns: 58, Time: 00:00:49

Health: -2/17      AC:  2    Str: 11    XL:     1   Next: 90%
Magic:  6/6        EV: 11    Int: 11    God:
Gold:   8          SH:  0    Dex: 11    Spells: 8/9 levels left

rFire   . . .        a - +3 short sword
rCold   . . .        (no shield)
rNeg    . . .        c - +0 robe
rPois   .            (no helmet)
rElec   .            (no cloak)
rCorr   .            (no gloves)
SInv    .            (no boots)
Will    .....        (no amulet)
Stlth   ++           (no ring)
HPRegen 0.22/turn    (no ring)
MPRegen 0.10/turn

%: no passive effects
@: lethally poisoned (-2 -> -27)
A: fangs 1, strong nose, distributed training
a: no special abilities


You were on level 1 of the Dungeon.
You visited 1 branch of the dungeon, and saw 1 of its levels.

You collected 8 gold pieces.

Inventory:

Hand Weapons
 a - a +3 short sword (weapon)
Missiles
 d - 2 stones
Armour
 c - a +0 robe (worn)
Potions
 b - a potion of brilliance


   Skills:
 + Level 2.4 Fighting
 + Level 6.4 Short Blades
 + Level 0.2 Long Blades
 + Level 0.2 Axes
 + Level 0.2 Maces & Flails
 + Level 0.2 Polearms
 + Level 0.2 Staves
 + Level 0.2 Ranged Weapons
 + Level 0.2 Throwing
 + Level 2.4 Armour
 + Level 0.2 Dodging
 + Level 2.2 Stealth
 + Level 0.2 Shields
 + Level 0.2 Unarmed Combat
 + Level 4.9 Spellcasting
 + Level 0.1 Conjurations
 + Level 0.1 Hexes
 + Level 0.1 Summonings
 + Level 0.1 Necromancy
 + Level 3.6 Translocations
 + Level 0.1 Fire Magic
 + Level 0.1 Ice Magic
 + Level 0.1 Air Magic
 + Level 0.1 Earth Magic
 + Level 0.1 Alchemy
 + Level 0.3 Invocations
 + Level 0.2 Evocations
 + Level 0.2 Shapeshifting


You had 8 spell levels left.
You knew the following spells:

 Your Spells              Type           Power      Damage    Failure   Level
c - Apportation           Tloc           20%        N/A       4%          1

Your spell library contained the following spells:

 Spells                   Type           Power      Damage    Failure   Level
 Volatile Blastmotes      Fire/Tloc      12%        2d11      30%         3


Dungeon Overview and Level Annotations

Branches:
Dungeon (1/15)

Altars:


Innate Abilities, Weirdness & Mutations

You have very sharp teeth.
Your uncanny sense of smell can sniff out nearby items.
Your experience applies equally to all skills.


Message History

The hobgoblin shouts!
The quokka bites you but does no damage.
You barely miss the quokka.
A ball python comes into view.
The quokka misses you.
You closely miss the quokka. Your bite misses the quokka.
The quokka barely misses you.
You closely miss the quokka. You hit the quokka. The quokka barely misses you.
You hit the quokka but do no damage.
A rat comes into view.
The quokka bites you.
You hit the quokka.
You kill the quokka!
You see here a quokka corpse.
You hit the hobgoblin.
You kill the hobgoblin!
You closely miss the ball python. The ball python closely misses you.
The ball python barely misses you.
You barely miss the ball python. You bite the ball python.
You barely miss the ball python. Your bite misses the ball python.
The ball python bites you but does no damage.
The ball python grabs you. The ball python constricts you.
You barely miss the ball python. You bite the ball python.
The ball python bites you but does no damage.
The ball python constricts you.
You barely miss the ball python. The ball python bites you.
The ball python constricts you.
You hit the ball python.
You kill the ball python!
You hit the rat.
You kill the rat!
Things that are here:
a ball python corpse; a hobgoblin corpse A goblin comes into view.
It is wielding a +2 dagger of venom.
The goblin hits you with a +2 dagger of venom.
You are poisoned.
You miss the goblin.
You feel sick.
The goblin hits you with a +2 dagger of venom.
You are lethally poisoned!
You miss the goblin.
* * * LOW HITPOINT WARNING * * *
You feel very sick.
The goblin hits you with a +2 dagger of venom.
* * * LOW HITPOINT WARNING * * *
You are more poisoned.
Okay, then.
Okay, then.
You hit the goblin.
You die...

#.# # # ##.## #
#.#######...####
#.#...)..>#.....
####
#....####...####
...#...#####..#
##.## #
#..!!....††..#
#.# #
∆##.#.##.####.#
#.# # ∆# #@# #.#
#.. # ∆ #g# #.#
##. # #.# #.# .#
# ∆ #.# #r# .# #
#.# .# # #.# #
#.# ...


You could see a goblin.

Vanquished Creatures
  A bat (D:1)
  A hobgoblin (D:1)
  A quokka (D:1)
  A ball python (D:1)
  A kobold (D:1)
  A rat (D:1)
6 creatures vanquished.

Notes
Turn   | Place    | Note
-------+----------+-------------------------------------------
     0 | D:1      | James the Gnoll Wanderer began the quest for the Orb.
     0 | D:1      | James set off with the following items: a +3 short sword, a
                  | potion of brilliance, a +0 robe; and the following spell
                  | memorised: Apportation; and the following spells available
                  | to memorise: Volatile Blastmotes.
     0 | D:1      | Reached XP level 1. HP: 17/17 MP: 6/6
    58 | D:1      | Succumbed to a goblin's poison

Illustrated notes

Levels and vault maps discovered:
D:1:      minmay_arrival_glassed_features, layout_loops_ring,
          minmay_pentomino_s4

Action                     || total
---------------------------++-------
  Melee: Short sword       ||    23
         Bite              ||     3
   Stab: Sleeping          ||     1
 Armour: Robe              ||     9
  Dodge: Dodged            ||     6

Table legend: (Time is in decaauts)
 A = Elapsed time spent in this place.
 B = Non-inter-level travel time spent in this place.
 C = Inter-level travel time spent in this place.
 D = Time resting spent in this place.
 E = Time spent auto-exploring this place.
 F = Levels seen in this place.
 G = Mean time per level.
                   A        B        C        D        E       F      G
               +--------+--------+--------+--------+--------+-----+--------+
         Total |     51 |     51 |      0 |      0 |     13 |   1 |   51.0 |
       Dungeon |     51 |     51 |      0 |      0 |     13 |   1 |   51.0 |
               +--------+--------+--------+--------+--------+-----+--------+

Top non-repeatable levels by time:
     D:1: 51 daAuts
